| Goals | Penalties |
No Goal
|
Ronnie Attard (TOR) for Tripping (Minor) at 8:00
|
1. Wolf Pack , Ivan Miroshnichenko 20 (Mark Friedman 16, Oskar Back 32) at 4:00 (PP)
2. Wolf Pack , Reid Schaefer 7 (Logan Hutsko 10, Mason Lohrei 13) at 4:10
3. Wolf Pack , Michael Milne 13 (Mason Lohrei 14, Jared McIsaac 3) at 7:30
4. Marlies , Saku Maenalanen 17 (Jonah Gadjovich 14, Ronnie Attard 22) at 9:16 (PP)
5. Wolf Pack , Oskar Olausson 5 (Zac Jones 23, Lucas Edmonds 7) at 11:46
6. Wolf Pack , Viktor Lodin 4 (Mason Lohrei 15, Logan Brown 9) at 13:23
7. Marlies , Jujhar Khaira 14 (Patrick Brown 15, Lassi Thomson 3) at 19:02
|
Jujhar Khaira (TOR) for Delaying the game (Minor) at 3:13 Jayden Struble (NYR) for Delaying the game (Minor) at 5:16 Zac Jones (NYR) for Holding (Minor) at 9:06 Oskar Back (NYR) for Holding (Minor) at 9:35 Oskar Back (NYR) for Interference (Minor) at 14:17
|
8. Marlies , Martin Frk 7 (Nikita Alexandrov 24) at 1:16
9. Marlies , Saku Maenalanen 18 (Nikita Alexandrov 25) at 5:44
|
Oskar Back (NYR) for Tripping (Minor) at 1:19 Zac Jones (NYR) for Fighting (Major) at 10:38 Dillon Heatherington (TOR) for Fighting (Major) at 10:38
|
|
Arturs Silovs (TOR), 17 saves from 18 shots - (0,944), L, 7-7-4, 27:00 minutes Jiri Patera (TOR), 7 saves from 11 shots - (0,636), 31:46 minutes
Alex Lyon (NYR), 27 saves from 31 shots - (0,871), W, 23-17-3, 60:00 minutes
|
|
1 - Saku Maenalanen (TOR)
2 - Michael Milne (NYR)
3 - Mason Lohrei (NYR)
|
Referees : Kelly Sutherland and François St-Laurent
Linesman : Meghan Mallette and Mitchell Hunt
|
|
Arturs Silovs enters game at 11:46 of 2nd period
Zac Jones and Dillon Heatherington fight to a draw at 10:38 of 3rd period
|
| Team Name |
Goals |
Shots |
Shots Attemp |
Shots Blocked |
PIM |
HIT |
PP |
PK |
FO% |
| Marlies |
4 | 31 | 65 | 7 | 9 | 20 | 1 / 5 (20%) | 1 | 58% |
| Wolf Pack |
5 | 29 | 43 | 9 | 15 | 24 | 1 / 2 (50%) | 1 | 42% |
Marlies
| Player Name |
POS |
G |
A |
P |
+/- |
PIM |
HIT |
SHT |
SB |
MP |
PP MP |
PP SHT |
PK MP |
PK SHT |
FO% |
FOT |
GA |
TA |
| Alec Regula | D | 0 | 0 | 0 | 0 | 0 | 1 | 0 | 0 | 21:26 | 2:43 | 0 | 1:31 | 0 | 0% |
0 | 0 | 1 |
| Brad Richardson | C | 0 | 0 | 0 | -3 | 0 | 1 | 1 | 0 | 12:59 | 0:00 | 0 | 0:42 | 0 | 100% |
4 | 0 | 1 |
| Brett Seney | C/LW | 0 | 0 | 0 | -3 | 0 | 1 | 5 | 0 | 12:18 | 0:04 | 0 | 0:00 | 0 | 0% |
0 | 2 | 0 |
| Dillon Heatherington | D | 0 | 0 | 0 | -1 | 5 | 0 | 2 | 2 | 14:37 | 0:00 | 0 | 0:59 | 0 | 0% |
0 | 0 | 0 |
| Dominic Toninato | C | 0 | 0 | 0 | 0 | 0 | 0 | 0 | 0 | 10:59 | 0:00 | 0 | 1:06 | 0 | 100% |
6 | 1 | 0 |
| Filip Cederqvist | LW/RW | 0 | 0 | 0 | -3 | 0 | 1 | 1 | 0 | 12:10 | 0:00 | 0 | 0:00 | 0 | 0% |
1 | 0 | 0 |
| Greg McKegg | C/LW | 0 | 0 | 0 | 0 | 0 | 0 | 1 | 0 | 11:00 | 0:04 | 0 | 1:06 | 0 | 100% |
1 | 1 | 0 |
| Jake Lucchini | C/LW/RW | 0 | 0 | 0 | 0 | 0 | 0 | 3 | 0 | 16:36 | 3:24 | 0 | 0:35 | 0 | 0% |
0 | 0 | 1 |
| Jonah Gadjovich | LW/RW | 0 | 1 | 1 | 0 | 0 | 2 | 2 | 0 | 16:18 | 4:38 | 1 | 0:34 | 0 | 0% |
0 | 0 | 0 |
| Joseph Duszak | D | 0 | 0 | 0 | -1 | 0 | 1 | 0 | 0 | 22:36 | 5:23 | 0 | 1:15 | 0 | 0% |
0 | 0 | 1 |
| Jujhar Khaira | C/LW | 1 | 0 | 1 | 0 | 2 | 2 | 1 | 1 | 16:01 | 3:24 | 0 | 0:09 | 0 | 50% |
10 | 1 | 0 |
| Lassi Thomson | D | 0 | 1 | 1 | -1 | 0 | 2 | 2 | 0 | 18:51 | 2:43 | 0 | 0:00 | 0 | 0% |
0 | 0 | 0 |
| Martin Frk | RW | 1 | 0 | 1 | 2 | 0 | 1 | 4 | 0 | 13:47 | 0:04 | 0 | 0:00 | 0 | 25% |
4 | 0 | 0 |
| Nikita Alexandrov | C | 0 | 2 | 2 | 2 | 0 | 1 | 2 | 0 | 19:44 | 4:38 | 1 | 0:00 | 0 | 55% |
29 | 1 | 1 |
| Patrick Brown | C/RW | 0 | 1 | 1 | 0 | 0 | 2 | 0 | 0 | 17:14 | 3:24 | 0 | 0:49 | 0 | 0% |
2 | 0 | 0 |
| Ronnie Attard | D | 0 | 1 | 1 | 1 | 2 | 2 | 1 | 2 | 23:53 | 5:23 | 0 | 0:32 | 0 | 0% |
0 | 0 | 0 |
| Saku Maenalanen | LW/RW | 2 | 0 | 2 | 2 | 0 | 3 | 6 | 0 | 21:07 | 4:38 | 2 | 1:31 | 0 | 0% |
0 | 0 | 0 |
| Tommy Miller | D | 0 | 0 | 0 | 0 | 0 | 0 | 0 | 2 | 15:35 | 0:00 | 0 | 0:15 | 0 | 0% |
0 | 0 | 1 |
Wolf Pack
| Player Name |
POS |
G |
A |
P |
+/- |
PIM |
HIT |
SHT |
SB |
MP |
PP MP |
PP SHT |
PK MP |
PK SHT |
FO% |
FOT |
GA |
TA |
| Alex Laferriere | RW | 0 | 0 | 0 | -1 | 0 | 1 | 0 | 0 | 17:19 | 0:47 | 0 | 0:00 | 0 | 0% |
1 | 2 | 0 |
| Ivan Miroshnichenko | LW | 1 | 0 | 1 | -1 | 0 | 1 | 3 | 1 | 21:34 | 0:47 | 1 | 4:28 | 0 | 0% |
1 | 0 | 0 |
| Jared McIsaac | D | 0 | 1 | 1 | 2 | 0 | 0 | 1 | 0 | 13:55 | 0:00 | 0 | 0:19 | 0 | 0% |
0 | 0 | 0 |
| Jayden Struble | D | 0 | 0 | 0 | 0 | 2 | 3 | 3 | 0 | 18:52 | 0:51 | 0 | 2:12 | 0 | 0% |
0 | 3 | 0 |
| Logan Brown | C/LW | 0 | 1 | 1 | 0 | 0 | 1 | 1 | 0 | 15:26 | 1:02 | 0 | 4:02 | 0 | 47% |
17 | 0 | 1 |
| Logan Hutsko | C | 0 | 1 | 1 | -1 | 0 | 2 | 3 | 0 | 18:05 | 1:01 | 0 | 2:32 | 0 | 29% |
7 | 1 | 0 |
| Lucas Edmonds | LW/RW | 0 | 1 | 1 | 0 | 0 | 2 | 1 | 0 | 11:34 | 1:00 | 0 | 0:25 | 0 | 0% |
1 | 0 | 0 |
| Mark Friedman | D | 0 | 1 | 1 | -1 | 0 | 0 | 4 | 1 | 27:21 | 1:55 | 0 | 5:02 | 0 | 0% |
0 | 0 | 0 |
| Mason Lohrei | D | 0 | 3 | 3 | 1 | 0 | 1 | 2 | 2 | 20:38 | 0:51 | 0 | 3:13 | 0 | 0% |
0 | 0 | 2 |
| Michael Milne | LW | 1 | 0 | 1 | 3 | 0 | 2 | 1 | 0 | 11:03 | 0:11 | 0 | 0:00 | 0 | 100% |
1 | 0 | 0 |
| Oskar Back | C/RW | 0 | 1 | 1 | -1 | 6 | 4 | 1 | 1 | 22:40 | 0:47 | 0 | 1:07 | 0 | 50% |
22 | 0 | 1 |
| Oskar Olausson | RW | 1 | 0 | 1 | 3 | 0 | 1 | 2 | 0 | 11:08 | 0:40 | 0 | 0:00 | 0 | 0% |
0 | 0 | 0 |
| Oskari Laaksonen | D | 0 | 0 | 0 | 1 | 0 | 0 | 0 | 3 | 13:17 | 0:00 | 0 | 0:33 | 0 | 0% |
0 | 0 | 1 |
| Reid Schaefer | LW | 1 | 0 | 1 | -1 | 0 | 0 | 4 | 0 | 16:22 | 0:48 | 0 | 2:57 | 0 | 0% |
0 | 0 | 0 |
| Ryder Korczak | C | 0 | 0 | 0 | 0 | 0 | 0 | 0 | 0 | 2:07 | 0:00 | 0 | 0:00 | 0 | 0% |
0 | 0 | 0 |
| Taylor Ward | RW | 0 | 0 | 0 | -1 | 0 | 4 | 2 | 0 | 13:40 | 0:57 | 0 | 0:00 | 0 | 0% |
1 | 0 | 1 |
| Viktor Lodin | C/LW | 1 | 0 | 1 | 3 | 0 | 0 | 1 | 0 | 11:56 | 0:18 | 0 | 0:41 | 0 | 33% |
6 | 0 | 0 |
| Zac Jones | D | 0 | 1 | 1 | -1 | 7 | 2 | 0 | 1 | 24:51 | 1:55 | 0 | 4:53 | 0 | 0% |
0 | 0 | 0 |
Marlies
| 5 vs 5 Forward |
|---|
| Line # | Left Wing | Center | Right Wing | PHY | DF | OF | Wanted % | Time % | Time Play |
| 1 | Saku Maenalanen | Nikita Alexandrov | Martin Frk | 0 | 3 | 2 | 30 | 29% | 13:44
|
| 2 | Jake Lucchini | Jujhar Khaira | Patrick Brown | 0 | 3 | 2 | 28 | 27% | 12:43
|
| 3 | Greg McKegg | Dominic Toninato | Jonah Gadjovich | 0 | 3 | 2 | 23 | 21% | 10:17
|
| 4 | Brett Seney | Brad Richardson | Filip Cederqvist | 0 | 3 | 2 | 19 | 23% | 11:09
|
| 5 vs 5 Defense |
|---|
| Line # | Defense | Defense | | PHY | DF | OF | Wanted % | Time % | Time Play |
| 1 | Ronnie Attard | Alec Regula | | 1 | 3 | 1 | 36 | 34% | 16:26
|
| 2 | Joseph Duszak | Dillon Heatherington | | 1 | 3 | 1 | 34 | 36% | 17:01
|
| 3 | Lassi Thomson | Tommy Miller | | 1 | 3 | 1 | 30 | 30% | 14:26
|
| 4 | Ronnie Attard | Alec Regula | | 1 | 2 | 2 | 0 | 0% | 0:00
|
| Power Play Forward |
|---|
| Line # | Left Wing | Center | Right Wing | PHY | DF | OF | Wanted % | Time % | Time Play |
| 1 | Saku Maenalanen | Nikita Alexandrov | Jonah Gadjovich | 1 | 1 | 3 | 60 | 58% | 4:42
|
| 2 | Jake Lucchini | Jujhar Khaira | Patrick Brown | 1 | 1 | 3 | 40 | 42% | 3:24
|
| Power Play Defense |
|---|
| Line # | Defense | Defense | | PHY | DF | OF | Wanted % | Time % | Time Play |
| 1 | Ronnie Attard | Joseph Duszak | | 1 | 2 | 2 | 60 | 66% | 5:23
|
| 2 | Alec Regula | Lassi Thomson | | 1 | 2 | 2 | 40 | 34% | 2:43
|
| Penalty Kill 4 Players Forward |
|---|
| Line # | Center | Wing | PHY | DF | OF | Wanted % | Time % | Time Play |
| 1 | Brad Richardson | Saku Maenalanen | 0 | 3 | 2 | 60 | 56% | 1:33
|
| 2 | Dominic Toninato | Greg McKegg | 1 | 3 | 1 | 40 | 44% | 1:13
|
| Penalty Kill 4 Players Defense |
|---|
| Line # | Defense | Defense | PHY | DF | OF | Wanted % | Time % | Time Play |
| 1 | Ronnie Attard | Alec Regula | 0 | 4 | 1 | 60 | 91% | 2:31
|
| 2 | Tommy Miller | Dillon Heatherington | 0 | 4 | 1 | 40 | 9% | 0:15
|
| Penalty Kill 3 Players |
|---|
| Line # | Wing | PHY | DF | OF | Wanted % | Time % | Time Play | Defense | Defense | PHY | DF | OF | Wanted % | Time % | Time Play |
| 1 | Nikita Alexandrov | 0 | 4 | 1 | 60 | 0% | 0:00
| Ronnie Attard | Alec Regula | 0 | 5 | 0 | 60 | 0% | 0:00
|
| 2 | Brad Richardson | 0 | 4 | 1 | 40 | 0% | 0:00
| Tommy Miller | Dillon Heatherington | 0 | 5 | 0 | 40 | 0% | 0:00
|
| 4 vs 4 Forward |
|---|
| Line # | Center | Wing | PHY | DF | OF | Wanted % | Time % | Time Play |
| 1 | Nikita Alexandrov | Jonah Gadjovich | 1 | 2 | 2 | 60 | 0% | 0:00
|
| 2 | Dominic Toninato | Greg McKegg | 1 | 2 | 2 | 40 | 0% | 0:00
|
| 4 vs 4 Defense |
|---|
| Line # | Defense | | PHY | DF | OF | Wanted % | Time % | Time Play |
| 1 | Ronnie Attard | Alec Regula | 1 | 2 | 2 | 60 | 0% | 0:00
|
| 2 | Joseph Duszak | Dillon Heatherington | 1 | 2 | 2 | 40 | 0% | 0:00
|
| Last Minutes Offensive |
|---|
| Left Wing | Center | Right Wing | Defense | Defense |
| Saku Maenalanen | Nikita Alexandrov | Jonah Gadjovich | Ronnie Attard | Joseph Duszak |
| Last Minutes Defensive |
|---|
| Left Wing | Center | Right Wing | Defense | Defense |
| Jake Lucchini | Jujhar Khaira | Saku Maenalanen | Ronnie Attard | Alec Regula |
| Time |
|---|
| Total Forward | Total Defense | Last Minutes Offensive | Last Minutes Defensive |
| 60:00 |
60:00 |
1:15 | 0:00 |
| Extra Forwards |
|---|
| Normal | PowerPlay | Penalty Kill |
|
Nikita Alexandrov, Jonah Gadjovich, Saku Maenalanen | Nikita Alexandrov, Saku Maenalanen | Saku Maenalanen |
| Extra Defensemen |
|---|
| Normal | PowerPlay | Penalty Kill |
|
Alec Regula, Ronnie Attard, Dillon Heatherington | Ronnie Attard, Ronnie Attard | Alec Regula |
| Penalty Shots |
|---|
|
Nikita Alexandrov, Jonah Gadjovich, Jake Lucchini, Saku Maenalanen, Martin Frk |
| Goalie |
|---|
| Jiri Patera, Arturs Silovs |
| Scratches |
|---|
|
C.J. Smith (Healthy), Andy Welinski (Healthy), Carsen Twarynski (Healthy), Jermaine Loewen (Healthy), William Wallinder (Healthy)
Brett Sutter (Healthy), Michael Vukojevic (Healthy), Ryan Merkley (Healthy), Nick Albano (Healthy), Sean Josling (Healthy)
Jaydon Dureau (Healthy), Nolan Yaremko (Healthy), Ty Glover (Healthy), Tyson Feist (Healthy), Ville Koivunen (Healthy)
Ales Stezka (Healthy), Magnus Chrona (Healthy), Joel Blomqvist (Healthy), Victor Brattstrom (Healthy) |
Wolf Pack
| 5 vs 5 Forward |
|---|
| Line # | Left Wing | Center | Right Wing | PHY | DF | OF | Wanted % | Time % | Time Play |
| 1 | Ivan Miroshnichenko | Oskar Back | Alex Laferriere | 1 | 2 | 2 | 40 | 33% | 16:02
|
| 2 | Lucas Edmonds | Logan Brown | Oskar Back | 1 | 2 | 2 | 30 | 20% | 9:53
|
| 3 | Reid Schaefer | Logan Hutsko | Taylor Ward | 1 | 2 | 2 | 20 | 26% | 12:31
|
| 4 | Michael Milne | Viktor Lodin | Oskar Olausson | 1 | 2 | 2 | 10 | 21% | 10:26
|
| 5 vs 5 Defense |
|---|
| Line # | Defense | Defense | | PHY | DF | OF | Wanted % | Time % | Time Play |
| 1 | Mark Friedman | Zac Jones | | 1 | 2 | 2 | 40 | 42% | 20:27
|
| 2 | Jayden Struble | Mason Lohrei | | 1 | 2 | 2 | 30 | 30% | 14:44
|
| 3 | Oskari Laaksonen | Jared McIsaac | | 1 | 2 | 2 | 20 | 20% | 9:48
|
| 4 | Mark Friedman | Zac Jones | | 1 | 2 | 2 | 10 | 8% | 3:53
|
| Power Play Forward |
|---|
| Line # | Left Wing | Center | Right Wing | PHY | DF | OF | Wanted % | Time % | Time Play |
| 1 | Ivan Miroshnichenko | Oskar Back | Alex Laferriere | 1 | 2 | 2 | 60 | 28% | 0:47
|
| 2 | Lucas Edmonds | Logan Brown | Oskar Back | 1 | 2 | 2 | 40 | 72% | 1:59
|
| Power Play Defense |
|---|
| Line # | Defense | Defense | | PHY | DF | OF | Wanted % | Time % | Time Play |
| 1 | Mark Friedman | Zac Jones | | 1 | 2 | 2 | 60 | 69% | 1:55
|
| 2 | Jayden Struble | Mason Lohrei | | 1 | 2 | 2 | 40 | 31% | 0:51
|
| Penalty Kill 4 Players Forward |
|---|
| Line # | Center | Wing | PHY | DF | OF | Wanted % | Time % | Time Play |
| 1 | Oskar Back | Ivan Miroshnichenko | 1 | 2 | 2 | 60 | 97% | 7:52
|
| 2 | Logan Brown | Lucas Edmonds | 1 | 2 | 2 | 40 | 3% | 0:14
|
| Penalty Kill 4 Players Defense |
|---|
| Line # | Defense | Defense | PHY | DF | OF | Wanted % | Time % | Time Play |
| 1 | Mark Friedman | Zac Jones | 1 | 2 | 2 | 60 | 60% | 4:53
|
| 2 | Jayden Struble | Mason Lohrei | 1 | 2 | 2 | 40 | 40% | 3:13
|
| Penalty Kill 3 Players |
|---|
| Line # | Wing | PHY | DF | OF | Wanted % | Time % | Time Play | Defense | Defense | PHY | DF | OF | Wanted % | Time % | Time Play |
| 1 | Oskar Back | 1 | 2 | 2 | 60 | 0% | 0:00
| Mark Friedman | Zac Jones | 1 | 2 | 2 | 60 | 0% | 0:00
|
| 2 | Logan Brown | 1 | 2 | 2 | 40 | 0% | 0:00
| Jayden Struble | Mason Lohrei | 1 | 2 | 2 | 40 | 0% | 0:00
|
| 4 vs 4 Forward |
|---|
| Line # | Center | Wing | PHY | DF | OF | Wanted % | Time % | Time Play |
| 1 | Oskar Back | Ivan Miroshnichenko | 1 | 2 | 2 | 60 | 0% | 0:00
|
| 2 | Logan Brown | Lucas Edmonds | 1 | 2 | 2 | 40 | 0% | 0:00
|
| 4 vs 4 Defense |
|---|
| Line # | Defense | | PHY | DF | OF | Wanted % | Time % | Time Play |
| 1 | Mark Friedman | Zac Jones | 1 | 2 | 2 | 60 | 0% | 0:00
|
| 2 | Jayden Struble | Mason Lohrei | 1 | 2 | 2 | 40 | 0% | 0:00
|
| Last Minutes Offensive |
|---|
| Left Wing | Center | Right Wing | Defense | Defense |
| Ivan Miroshnichenko | Oskar Back | Alex Laferriere | Mark Friedman | Zac Jones |
| Last Minutes Defensive |
|---|
| Left Wing | Center | Right Wing | Defense | Defense |
| Ivan Miroshnichenko | Oskar Back | Alex Laferriere | Mark Friedman | Zac Jones |
| Time |
|---|
| Total Forward | Total Defense | Last Minutes Offensive | Last Minutes Defensive |
| 60:00 |
60:00 |
0:00 | 0:16 |
| Extra Forwards |
|---|
| Normal | PowerPlay | Penalty Kill |
|
Logan Brown, Logan Hutsko, Lucas Edmonds | Logan Brown, Logan Hutsko | Logan Brown |
| Extra Defensemen |
|---|
| Normal | PowerPlay | Penalty Kill |
|
Mason Lohrei, Oskari Laaksonen, Jared McIsaac | Mason Lohrei, Mason Lohrei | Oskari Laaksonen |
| Penalty Shots |
|---|
|
Alex Laferriere, Ivan Miroshnichenko, Oskar Back, Taylor Ward, Logan Brown |
| Goalie |
|---|
| Alex Lyon, Spencer Martin |
| Scratches |
|---|
|
Artem Guryev (Healthy), Brian Pinho (Healthy), Matt Filipe (Healthy), William Stromgren (Healthy), Donovan Sebrango (Healthy)
Daniil Chayka (Healthy), Jami Krannila (Healthy), Lukas Svejkovsky (Healthy), Raivis Ansons (Healthy), Isaac Poulter (Healthy) |
Play-by-Play
1st period
0:01 of 1st period - Nikita Alexandrov wins face-off versus Oskar Back in neutral zone.
0:04 of 1st period - Oskar Back is hit by Alec Regula and loses puck.
0:15 of 1st period - Wrist shot by Martin Frk.
0:15 of 1st period - Shot Misses the Net.
0:27 of 1st period - Jujhar Khaira is hit by Taylor Ward and loses puck.
1:04 of 1st period - Slapshot by Mason Lohrei.
1:04 of 1st period - Shot Misses the Net.
1:49 of 1st period - Viktor Lodin is hit by Joseph Duszak.
2:35 of 1st period - Wrist shot by Reid Schaefer.
2:35 of 1st period - Stopped by Jiri Patera without a rebound.
2:36 of 1st period - Nikita Alexandrov wins face-off versus Logan Hutsko in Marlies zone.
2:36 of 1st period - Nikita Alexandrov is hit by Taylor Ward.
2:41 of 1st period - Off-side.
2:42 of 1st period - Oskar Back wins face-off versus Martin Frk in neutral zone.
2:47 of 1st period - Ronnie Attard is hit by Alex Laferriere and loses puck.
4:20 of 1st period - Wrist shot by Brett Seney.
4:20 of 1st period - Stopped by Alex Lyon with a rebound.
4:22 of 1st period - Wrist shot by Filip Cederqvist.
4:22 of 1st period - Deflect By Brett Seney.
4:22 of 1st period - Stopped by Alex Lyon with a rebound.
4:26 of 1st period - Slapshot by Filip Cederqvist.
4:26 of 1st period - Stopped by Alex Lyon with a rebound.
5:48 of 1st period - Slapshot by Brad Richardson.
5:48 of 1st period - Shot Blocked by Oskari Laaksonen.
7:11 of 1st period - Wrist shot by Brad Richardson.
7:11 of 1st period - Shot Misses the Net.
7:19 of 1st period - Wrist shot by Brett Seney.
7:19 of 1st period - Stopped by Alex Lyon without a rebound.
7:20 of 1st period - Nikita Alexandrov wins face-off versus Logan Hutsko in Wolf Pack zone.
7:21 of 1st period - Snap shot by Saku Maenalanen.
7:21 of 1st period - Stopped by Alex Lyon with a rebound.
8:00 of 1st period - Minor Penalty to Ronnie Attard for Tripping.
8:01 of 1st period - Dominic Toninato wins face-off versus Logan Brown in Marlies zone.
10:00 of 1st period - Penalty to Ronnie Attard is over, Ronnie Attard is back on ice.
10:32 of 1st period - Logan Brown is hit by Ronnie Attard and loses puck.
13:28 of 1st period - Taylor Ward is hit by Brad Richardson and loses puck.
16:27 of 1st period - Jonah Gadjovich is hit by Jayden Struble.
Goals for this period are 0 for Marlies vs 0 for Wolf Pack.
Shots for this period are 5 for Marlies vs 1 for Wolf Pack.
2nd period
0:01 of 2nd period - Logan Brown wins face-off versus Nikita Alexandrov in neutral zone.
0:04 of 2nd period - Slapshot by Jayden Struble.
0:04 of 2nd period - Stopped by Jiri Patera without a rebound.
0:05 of 2nd period - Logan Brown wins face-off versus Nikita Alexandrov in Marlies zone.
0:17 of 2nd period - Snap shot by Oskar Back.
0:17 of 2nd period - Shot Blocked by Dillon Heatherington.
0:19 of 2nd period - Slapshot by Jayden Struble.
0:19 of 2nd period - Stopped by Jiri Patera with a rebound.
0:35 of 2nd period - Wrist shot by Martin Frk.
0:35 of 2nd period - Stopped by Alex Lyon with a rebound.
0:37 of 2nd period - Slapshot by Dillon Heatherington.
0:37 of 2nd period - Stopped by Alex Lyon without a rebound.
0:38 of 2nd period - Viktor Lodin wins face-off versus Jujhar Khaira in Wolf Pack zone.
1:05 of 2nd period - Snap shot by Brad Richardson.
1:05 of 2nd period - Shot Misses the Net.
1:07 of 2nd period - Snap shot by Brad Richardson.
1:07 of 2nd period - Stopped by Alex Lyon with a rebound.
1:09 of 2nd period - Snap shot by Brett Seney.
1:09 of 2nd period - Stopped by Alex Lyon with a rebound.
1:11 of 2nd period - Wrist shot by Tommy Miller.
1:11 of 2nd period - Deflect By Brett Seney.
1:11 of 2nd period - Shot Misses the Net.
1:11 of 2nd period - Puck is out of play.
1:12 of 2nd period - Oskar Back wins face-off versus Nikita Alexandrov in Wolf Pack zone.
1:15 of 2nd period - Slapshot by Martin Frk.
1:15 of 2nd period - Stopped by Alex Lyon with a rebound.
2:03 of 2nd period - Dillon Heatherington is hit by Lucas Edmonds and loses puck.
2:36 of 2nd period - Jayden Struble is hit by Nikita Alexandrov.
2:50 of 2nd period - Snap shot by Taylor Ward.
2:50 of 2nd period - Stopped by Jiri Patera without a rebound.
2:51 of 2nd period - Oskar Back wins face-off versus Patrick Brown in Marlies zone.
3:06 of 2nd period - Patrick Brown is hit by Oskar Back and loses puck.
3:13 of 2nd period - Minor Penalty to Jujhar Khaira for Delaying the game.
3:14 of 2nd period - Brad Richardson wins face-off versus Oskar Back in Marlies zone.
3:58 of 2nd period - Wrist shot by Ivan Miroshnichenko.
3:58 of 2nd period - Shot Misses the Net.
4:00 of 2nd period - Snap shot by Ivan Miroshnichenko.
4:00 of 2nd period - Goal by Ivan Miroshnichenko - Marlies : 0 - Wolf Pack : 1.
4:01 of 2nd period - Jujhar Khaira wins face-off versus Logan Hutsko in neutral zone.
4:10 of 2nd period - Wrist shot by Reid Schaefer.
4:10 of 2nd period - Goal by Reid Schaefer - Marlies : 0 - Wolf Pack : 2.
4:11 of 2nd period - Oskar Back wins face-off versus Nikita Alexandrov in neutral zone.
4:16 of 2nd period - Snap shot by Alex Laferriere.
4:16 of 2nd period - Shot Blocked by Tommy Miller.
4:40 of 2nd period - Slapshot by Mark Friedman.
4:40 of 2nd period - Deflect By Lassi Thomson.
4:40 of 2nd period - Stopped by Jiri Patera without a rebound.
4:41 of 2nd period - Greg McKegg wins face-off versus Lucas Edmonds in Marlies zone.
4:41 of 2nd period - Greg McKegg is hit by Logan Brown.
5:14 of 2nd period - Slapshot by Saku Maenalanen.
5:14 of 2nd period - Shot Misses the Net.
5:16 of 2nd period - Minor Penalty to Jayden Struble for Delaying the game.
5:17 of 2nd period - Oskar Back wins face-off versus Nikita Alexandrov in Wolf Pack zone.
5:17 of 2nd period - Oskar Back is hit by Jonah Gadjovich.
7:16 of 2nd period - Penalty to Jayden Struble is over, Jayden Struble is back on ice.
7:28 of 2nd period - Slapshot by Mason Lohrei.
7:28 of 2nd period - Stopped by Jiri Patera with a rebound.
7:30 of 2nd period - Snap shot by Michael Milne.
7:30 of 2nd period - Goal by Michael Milne - Marlies : 0 - Wolf Pack : 3.
7:31 of 2nd period - Oskar Back wins face-off versus Jujhar Khaira in neutral zone.
7:56 of 2nd period - Brad Richardson is hit by Taylor Ward and loses puck.
8:21 of 2nd period - Slapshot by Lassi Thomson.
8:21 of 2nd period - Stopped by Alex Lyon without a rebound.
8:22 of 2nd period - Nikita Alexandrov wins face-off versus Viktor Lodin in Wolf Pack zone.
8:32 of 2nd period - Mark Friedman is hit by Saku Maenalanen and loses puck.
8:58 of 2nd period - Snap shot by Oskar Back.
8:58 of 2nd period - Shot Blocked by Dillon Heatherington.
9:06 of 2nd period - Minor Penalty to Zac Jones for Holding.
9:07 of 2nd period - Oskar Back wins face-off versus Nikita Alexandrov in Wolf Pack zone.
9:16 of 2nd period - Slapshot by Saku Maenalanen.
9:16 of 2nd period - Goal by Saku Maenalanen - Marlies : 1 - Wolf Pack : 3.
9:17 of 2nd period - Logan Brown wins face-off versus Nikita Alexandrov in neutral zone.
9:24 of 2nd period - Slapshot by Logan Brown.
9:24 of 2nd period - Stopped by Jiri Patera with a rebound.
9:35 of 2nd period - Minor Penalty to Oskar Back for Holding.
9:36 of 2nd period - Nikita Alexandrov wins face-off versus Logan Brown in Wolf Pack zone.
9:36 of 2nd period - Snap shot by Saku Maenalanen.
9:36 of 2nd period - Stopped by Alex Lyon with a rebound.
9:38 of 2nd period - Wrist shot by Nikita Alexandrov.
9:38 of 2nd period - Stopped by Alex Lyon without a rebound.
9:39 of 2nd period - Logan Brown wins face-off versus Nikita Alexandrov in Wolf Pack zone.
10:08 of 2nd period - Mark Friedman is hit by Ronnie Attard and loses puck.
11:35 of 2nd period - Penalty to Oskar Back is over, Oskar Back is back on ice.
11:44 of 2nd period - Slapshot by Zac Jones.
11:44 of 2nd period - Shot Misses the Net.
11:46 of 2nd period - Backhand shot by Oskar Olausson.
11:46 of 2nd period - Goal by Oskar Olausson - Marlies : 1 - Wolf Pack : 4.
11:46 of 2nd period - Arturs Silovs enters game.
11:47 of 2nd period - Jujhar Khaira wins face-off versus Oskar Back in neutral zone.
11:57 of 2nd period - Lassi Thomson is hit by Jayden Struble and loses puck.
12:02 of 2nd period - Slapshot by Lassi Thomson.
12:02 of 2nd period - Shot Misses the Net.
12:16 of 2nd period - Off-side.
12:17 of 2nd period - Logan Hutsko wins face-off versus Nikita Alexandrov in neutral zone.
12:44 of 2nd period - Patrick Brown is hit by Ivan Miroshnichenko and loses puck.
13:11 of 2nd period - Alec Regula is hit by Mason Lohrei.
13:23 of 2nd period - Snap shot by Viktor Lodin.
13:23 of 2nd period - Goal by Viktor Lodin - Marlies : 1 - Wolf Pack : 5.
13:24 of 2nd period - Oskar Back wins face-off versus Nikita Alexandrov in neutral zone.
13:54 of 2nd period - Slapshot by Logan Hutsko.
13:54 of 2nd period - Shot Misses the Net.
13:56 of 2nd period - Snap shot by Jayden Struble.
13:56 of 2nd period - Stopped by Arturs Silovs without a rebound.
13:57 of 2nd period - Logan Brown wins face-off versus Jujhar Khaira in Marlies zone.
14:12 of 2nd period - Wrist shot by Jake Lucchini.
14:12 of 2nd period - Stopped by Alex Lyon without a rebound.
14:13 of 2nd period - Nikita Alexandrov wins face-off versus Oskar Back in Wolf Pack zone.
14:17 of 2nd period - Minor Penalty to Oskar Back for Interference.
14:18 of 2nd period - Nikita Alexandrov wins face-off versus Logan Brown in Wolf Pack zone.
16:17 of 2nd period - Penalty to Oskar Back is over, Oskar Back is back on ice.
16:35 of 2nd period - Wrist shot by Oskar Olausson.
16:35 of 2nd period - Stopped by Arturs Silovs without a rebound.
16:36 of 2nd period - Dominic Toninato wins face-off versus Viktor Lodin in Marlies zone.
16:36 of 2nd period - Dominic Toninato is hit by Oskar Olausson.
16:46 of 2nd period - Greg McKegg is hit by Michael Milne and loses puck.
17:05 of 2nd period - Wrist shot by Brett Seney.
17:05 of 2nd period - Shot Misses the Net.
17:07 of 2nd period - Backhand shot by Brad Richardson.
17:07 of 2nd period - Shot Blocked by Oskari Laaksonen.
17:58 of 2nd period - Wrist shot by Brett Seney.
17:58 of 2nd period - Stopped by Alex Lyon with a rebound.
18:00 of 2nd period - Slapshot by Filip Cederqvist.
18:00 of 2nd period - Shot Misses the Net.
18:02 of 2nd period - Snap shot by Brad Richardson.
18:02 of 2nd period - Shot Blocked by Oskari Laaksonen.
18:12 of 2nd period - Wrist shot by Logan Hutsko.
18:12 of 2nd period - Stopped by Arturs Silovs without a rebound.
18:13 of 2nd period - Michael Milne wins face-off versus Martin Frk in Marlies zone.
19:02 of 2nd period - Slapshot by Jujhar Khaira.
19:02 of 2nd period - Goal by Jujhar Khaira - Marlies : 2 - Wolf Pack : 5.
19:03 of 2nd period - Nikita Alexandrov wins face-off versus Oskar Back in neutral zone.
19:33 of 2nd period - Wrist shot by Dominic Toninato.
19:33 of 2nd period - Shot Misses the Net.
19:57 of 2nd period - Jayden Struble is hit by Jujhar Khaira and loses puck.
Goals for this period are 2 for Marlies vs 5 for Wolf Pack.
Shots for this period are 12 for Marlies vs 14 for Wolf Pack.
3rd period
0:01 of 3rd period - Nikita Alexandrov wins face-off versus Oskar Back in neutral zone.
0:04 of 3rd period - Wrist shot by Martin Frk.
0:04 of 3rd period - Shot Blocked by Oskar Back.
0:06 of 3rd period - Wrist shot by Saku Maenalanen.
0:06 of 3rd period - Shot Misses the Net.
0:08 of 3rd period - Snap shot by Nikita Alexandrov.
0:08 of 3rd period - Shot Blocked by Ivan Miroshnichenko.
0:10 of 3rd period - Snap shot by Martin Frk.
0:10 of 3rd period - Stopped by Alex Lyon without a rebound.
0:11 of 3rd period - Martin Frk wins face-off versus Logan Brown in Wolf Pack zone.
0:15 of 3rd period - Icing by Mark Friedman.
0:16 of 3rd period - Nikita Alexandrov wins face-off versus Logan Brown in Wolf Pack zone.
0:19 of 3rd period - Wrist shot by Nikita Alexandrov.
0:19 of 3rd period - Shot Misses the Net.
1:00 of 3rd period - Off-side.
1:01 of 3rd period - Dominic Toninato wins face-off versus Viktor Lodin in neutral zone.
1:06 of 3rd period - Slapshot by Jonah Gadjovich.
1:06 of 3rd period - Stopped by Alex Lyon with a rebound.
1:08 of 3rd period - Snap shot by Dominic Toninato.
1:08 of 3rd period - Shot Misses the Net.
1:10 of 3rd period - Wrist shot by Greg McKegg.
1:10 of 3rd period - Stopped by Alex Lyon without a rebound.
1:11 of 3rd period - Nikita Alexandrov wins face-off versus Oskar Back in Wolf Pack zone.
1:14 of 3rd period - Snap shot by Nikita Alexandrov.
1:14 of 3rd period - Deflect By Martin Frk.
1:14 of 3rd period - Shot Misses the Net.
1:14 of 3rd period - Puck is out of play.
1:15 of 3rd period - Nikita Alexandrov wins face-off versus Oskar Back in Wolf Pack zone.
1:16 of 3rd period - Slapshot by Martin Frk.
1:16 of 3rd period - Goal by Martin Frk - Marlies : 3 - Wolf Pack : 5.
1:17 of 3rd period - Oskar Back wins face-off versus Jujhar Khaira in neutral zone.
1:19 of 3rd period - Minor Penalty to Oskar Back for Tripping.
1:20 of 3rd period - Logan Brown wins face-off versus Nikita Alexandrov in Wolf Pack zone.
2:21 of 3rd period - Icing by Patrick Brown.
2:22 of 3rd period - Jujhar Khaira wins face-off versus Logan Brown in Marlies zone.
2:45 of 3rd period - Wrist shot by Jonah Gadjovich.
2:45 of 3rd period - Stopped by Alex Lyon without a rebound.
2:46 of 3rd period - Logan Brown wins face-off versus Nikita Alexandrov in Wolf Pack zone.
3:13 of 3rd period - Logan Hutsko is hit by Patrick Brown and loses puck.
3:19 of 3rd period - Penalty to Oskar Back is over, Oskar Back is back on ice.
3:22 of 3rd period - Slapshot by Jake Lucchini.
3:22 of 3rd period - Deflect By Patrick Brown.
3:22 of 3rd period - Shot Blocked by Zac Jones.
3:22 of 3rd period - Puck is out of play.
3:23 of 3rd period - Brad Richardson wins face-off versus Logan Hutsko in Wolf Pack zone.
3:26 of 3rd period - Snap shot by Brad Richardson.
3:26 of 3rd period - Shot Misses the Net.
3:28 of 3rd period - Slapshot by Lassi Thomson.
3:28 of 3rd period - Deflect By Logan Hutsko.
3:28 of 3rd period - Stopped by Alex Lyon with a rebound.
3:48 of 3rd period - Slapshot by Saku Maenalanen.
3:48 of 3rd period - Shot Blocked by Mason Lohrei.
4:17 of 3rd period - Slapshot by Jake Lucchini.
4:17 of 3rd period - Stopped by Alex Lyon with a rebound.
4:19 of 3rd period - Wrist shot by Patrick Brown.
4:19 of 3rd period - Shot Misses the Net.
4:21 of 3rd period - Snap shot by Ronnie Attard.
4:21 of 3rd period - Stopped by Alex Lyon with a rebound.
4:38 of 3rd period - Reid Schaefer is hit by Jonah Gadjovich and loses puck.
5:40 of 3rd period - Slapshot by Patrick Brown.
5:40 of 3rd period - Deflect By Jujhar Khaira.
5:40 of 3rd period - Shot Misses the Net.
5:40 of 3rd period - Puck is out of play.
5:41 of 3rd period - Nikita Alexandrov wins face-off versus Logan Hutsko in Wolf Pack zone.
5:44 of 3rd period - Slapshot by Saku Maenalanen.
5:44 of 3rd period - Goal by Saku Maenalanen - Marlies : 4 - Wolf Pack : 5.
5:45 of 3rd period - Oskar Back wins face-off versus Jujhar Khaira in neutral zone.
5:50 of 3rd period - Slapshot by Alex Laferriere.
5:50 of 3rd period - Shot Hit the Post.
5:52 of 3rd period - Wrist shot by Oskar Back.
5:52 of 3rd period - Stopped by Arturs Silovs with a rebound.
5:54 of 3rd period - Slapshot by Mason Lohrei.
5:54 of 3rd period - Stopped by Arturs Silovs with a rebound.
5:56 of 3rd period - Slapshot by Mason Lohrei.
5:56 of 3rd period - Shot Misses the Net.
5:58 of 3rd period - Backhand shot by Jayden Struble.
5:58 of 3rd period - Shot Blocked by Ronnie Attard.
6:00 of 3rd period - Slapshot by Mason Lohrei.
6:00 of 3rd period - Deflect By Ivan Miroshnichenko.
6:00 of 3rd period - Stopped by Arturs Silovs with a rebound.
6:10 of 3rd period - Saku Maenalanen is hit by Logan Hutsko and loses puck.
6:21 of 3rd period - Wrist shot by Nikita Alexandrov.
6:21 of 3rd period - Shot Misses the Net.
6:31 of 3rd period - Greg McKegg is hit by Oskar Back and loses puck.
6:51 of 3rd period - Icing by Filip Cederqvist.
6:52 of 3rd period - Brad Richardson wins face-off versus Viktor Lodin in Marlies zone.
6:52 of 3rd period - Brad Richardson is hit by Michael Milne.
7:14 of 3rd period - Wrist shot by Brett Seney.
7:14 of 3rd period - Shot Misses the Net.
7:16 of 3rd period - Wrist shot by Brad Richardson.
7:16 of 3rd period - Shot Blocked by Mason Lohrei.
7:18 of 3rd period - Wrist shot by Brad Richardson.
7:18 of 3rd period - Shot Misses the Net.
7:20 of 3rd period - Slapshot by Dillon Heatherington.
7:20 of 3rd period - Stopped by Alex Lyon without a rebound.
7:21 of 3rd period - Jujhar Khaira wins face-off versus Oskar Back in Wolf Pack zone.
7:28 of 3rd period - Snap shot by Mark Friedman.
7:28 of 3rd period - Stopped by Arturs Silovs with a rebound.
7:30 of 3rd period - Slapshot by Mark Friedman.
7:30 of 3rd period - Deflect By Ronnie Attard.
7:30 of 3rd period - Stopped by Arturs Silovs with a rebound.
7:46 of 3rd period - Alec Regula is hit by Zac Jones and loses puck.
7:58 of 3rd period - Logan Hutsko is hit by Saku Maenalanen.
8:12 of 3rd period - Oskar Back is hit by Lassi Thomson and loses puck.
8:20 of 3rd period - Off-side.
8:21 of 3rd period - Viktor Lodin wins face-off versus Patrick Brown in neutral zone.
8:24 of 3rd period - Joseph Duszak is hit by Jayden Struble and loses puck.
8:57 of 3rd period - Slapshot by Nikita Alexandrov.
8:57 of 3rd period - Stopped by Alex Lyon with a rebound.
9:07 of 3rd period - Wrist shot by Ivan Miroshnichenko.
9:07 of 3rd period - Stopped by Arturs Silovs with a rebound.
9:09 of 3rd period - Slapshot by Reid Schaefer.
9:09 of 3rd period - Shot Blocked by Ronnie Attard.
9:11 of 3rd period - Snap shot by Logan Hutsko.
9:11 of 3rd period - Deflect By Taylor Ward.
9:11 of 3rd period - Shot Misses the Net.
9:11 of 3rd period - Puck is out of play.
9:12 of 3rd period - Jujhar Khaira wins face-off versus Taylor Ward in Marlies zone.
9:17 of 3rd period - Wrist shot by Jake Lucchini.
9:17 of 3rd period - Stopped by Alex Lyon with a rebound.
9:23 of 3rd period - Jake Lucchini is hit by Logan Hutsko and loses puck.
9:30 of 3rd period - Wrist shot by Taylor Ward.
9:30 of 3rd period - Stopped by Arturs Silovs with a rebound.
9:34 of 3rd period - Wrist shot by Logan Hutsko.
9:34 of 3rd period - Stopped by Arturs Silovs with a rebound.
9:36 of 3rd period - Snap shot by Logan Hutsko.
9:36 of 3rd period - Shot Blocked by Jujhar Khaira.
9:38 of 3rd period - Wrist shot by Reid Schaefer.
9:38 of 3rd period - Stopped by Arturs Silovs with a rebound.
9:40 of 3rd period - Snap shot by Reid Schaefer.
9:40 of 3rd period - Shot Blocked by Tommy Miller.
9:42 of 3rd period - Snap shot by Reid Schaefer.
9:42 of 3rd period - Stopped by Arturs Silovs with a rebound.
9:44 of 3rd period - Slapshot by Jared McIsaac.
9:44 of 3rd period - Stopped by Arturs Silovs without a rebound.
9:45 of 3rd period - Nikita Alexandrov wins face-off versus Logan Brown in Marlies zone.
9:56 of 3rd period - Slapshot by Mark Friedman.
9:56 of 3rd period - Stopped by Arturs Silovs without a rebound.
9:57 of 3rd period - Dominic Toninato wins face-off versus Alex Laferriere in Marlies zone.
9:57 of 3rd period - Dominic Toninato is hit by Zac Jones.
10:22 of 3rd period - Saku Maenalanen is hit by Taylor Ward and loses puck.
10:27 of 3rd period - Snap shot by Logan Hutsko.
10:27 of 3rd period - Stopped by Arturs Silovs without a rebound.
10:28 of 3rd period - Nikita Alexandrov wins face-off versus Logan Brown in Marlies zone.
10:37 of 3rd period - Slapshot by Saku Maenalanen.
10:37 of 3rd period - Stopped by Alex Lyon without a rebound.
10:38 of 3rd period - Logan Brown wins face-off versus Martin Frk in Wolf Pack zone.
10:38 of 3rd period - Zac Jones and Dillon Heatherington fight to a draw.
10:38 of 3rd period - Penalty to Zac Jones for Fighting.
10:38 of 3rd period - Penalty to Dillon Heatherington for Fighting.
10:39 of 3rd period - Dominic Toninato wins face-off versus Oskar Back in Wolf Pack zone.
11:52 of 3rd period - Mark Friedman is hit by Brett Seney.
12:10 of 3rd period - Brad Richardson is hit by Oskar Back and loses puck.
12:19 of 3rd period - Alex Laferriere is hit by Filip Cederqvist.
12:52 of 3rd period - Icing by Tommy Miller.
12:53 of 3rd period - Nikita Alexandrov wins face-off versus Logan Brown in Marlies zone.
12:53 of 3rd period - Nikita Alexandrov is hit by Lucas Edmonds.
13:08 of 3rd period - Mason Lohrei is hit by Saku Maenalanen and loses puck.
14:25 of 3rd period - Taylor Ward is hit by Jujhar Khaira and loses puck.
14:49 of 3rd period - Snap shot by Lucas Edmonds.
14:49 of 3rd period - Stopped by Arturs Silovs with a rebound.
15:15 of 3rd period - Snap shot by Saku Maenalanen.
15:15 of 3rd period - Shot Misses the Net.
15:17 of 3rd period - Wrist shot by Nikita Alexandrov.
15:17 of 3rd period - Shot Misses the Net.
15:19 of 3rd period - Snap shot by Nikita Alexandrov.
15:19 of 3rd period - Shot Misses the Net.
16:19 of 3rd period - Icing by Oskari Laaksonen.
16:20 of 3rd period - Brad Richardson wins face-off versus Ivan Miroshnichenko in Wolf Pack zone.
16:21 of 3rd period - Snap shot by Brett Seney.
16:21 of 3rd period - Shot Misses the Net.
16:31 of 3rd period - Zac Jones is hit by Lassi Thomson and loses puck.
16:41 of 3rd period - Icing by Tommy Miller.
16:42 of 3rd period - Logan Hutsko wins face-off versus Filip Cederqvist in Marlies zone.
17:25 of 3rd period - Lucas Edmonds is hit by Martin Frk.
17:29 of 3rd period - Slapshot by Nikita Alexandrov.
17:29 of 3rd period - Shot Blocked by Mark Friedman.
17:31 of 3rd period - Snap shot by Nikita Alexandrov.
17:31 of 3rd period - Shot Misses the Net.
17:33 of 3rd period - Snap shot by Saku Maenalanen.
17:33 of 3rd period - Shot Misses the Net.
17:35 of 3rd period - Snap shot by Saku Maenalanen.
17:35 of 3rd period - Stopped by Alex Lyon without a rebound.
17:36 of 3rd period - Dominic Toninato wins face-off versus Oskar Back in Wolf Pack zone.
18:03 of 3rd period - Brett Seney is hit by Oskar Back and loses puck.
18:37 of 3rd period - Alex Laferriere is hit by Patrick Brown and loses puck.
18:46 of 3rd period - Marlies, Arturs Silovs is pulled from the net.
19:43 of 3rd period - Off-side.
19:44 of 3rd period - Don Granato call a timeout for Marlies.
19:44 of 3rd period - Oskar Back wins face-off versus Nikita Alexandrov in neutral zone.
Goals for this period are 2 for Marlies vs 0 for Wolf Pack.
Shots for this period are 14 for Marlies vs 14 for Wolf Pack.